 Dungeon Crawl Stone Soup version 0.19-a0-1238-gee6bd96 (webtiles) character file.

1987 Vasilisck the Protected (level 9, -2/79 HPs)
             Began as a Minotaur Fighter on Aug 26, 2016.
             Was a Follower of Okawaru.
             Slain by a hungry ghost (5 damage)
             ... on level 8 of the Dungeon.
             The game lasted 00:20:33 (6717 turns).

Vasilisck the Protected (Minotaur Fighter)          Turns: 6717, Time: 00:20:34

Health: -2/79      AC:  0    Str: 20    XL:     9   Next: 1%
Magic:  8/8        EV:  8    Int:  5    God:    Okawaru [*.....]
Gold:   49         SH: 11    Dex: 12    Spells: 0 memorised, 8 levels left

rFire  . . .     SeeInvis .     a - +0 war axe
rCold  + . .     Gourm    .     b - +0 scale mail
rNeg   . . .     Faith    .     c - +0 shield
rPois  .         Spirit   .     (helmet restricted)
rElec  .         Dismiss  .     z - +0 cloak
rCorr  .         Reflect  .     w - +0 pair of gloves
MR     .....     Harm     .     (no boots)
Stlth  ..........               (no amulet)
                                (no ring)
                                (no ring)

@: corroded, starving
A: retaliatory headbutt, fangs 1, horns 2, icy blue scales 1, agile 1, cold
resistance 1, mutation resistance 1, weak 2
a: Heroism, Renounce Religion


You were on level 8 of the Dungeon.
You worshipped Okawaru.
Okawaru was aware of your devotion.
You were starving.

You visited 2 branches of the dungeon, and saw 9 of its levels.

You collected 250 gold pieces.
You spent 201 gold pieces at shops.

Inventory:

Hand Weapons
 a - a +0 war axe (weapon)
Armour
 b - a +0 scale mail (worn)
 c - a +0 shield (worn)
 w - a +0 pair of gloves (worn)
 z - a +0 cloak (worn)
Magical Staves
 t - an uncursed staff of fire
 v - an uncursed staff of earth
Wands
 l - a wand of digging (12/24)
 x - a wand of digging (11/24)
Scrolls
 e - 4 scrolls of remove curse
 h - a scroll of amnesia
 i - 4 scrolls of teleportation
 k - a scroll of magic mapping
 p - a scroll of immolation {unknown}
 q - 9 scrolls of identify
 s - 2 scrolls of enchant armour
 u - 2 scrolls of fog
 y - a scroll of recharging {unknown}
Potions
 d - 2 potions of might
 m - a potion of flight
Comestibles
 f - 4 bread rations
 g - 2 fruits
 j - a slice of pizza
 n - 3 beef jerkies
 o - a royal jelly
 r - a meat ration


   Skills:
 + Level 7.6 Fighting
 + Level 7.4 Axes
 + Level 8.2 Armour
 + Level 7.9 Shields


You had 8 spell levels left.
You didn't know any spells.

Dungeon Overview and Level Annotations

Branches:
Dungeon (8/15)             Temple (1/1) D:5
   Lair: D:8-11

Altars:
Ashenzari
Cheibriados
Dithmenos
Elyvilon
Fedhas
Gozag
Hepliaklqana
Kikubaaqudgha
Makhleb
Nemelex Xobeh
Okawaru
Qazlal
Ru
Sif Muna
Trog
Uskayaw
Vehumet
Xom
Yredelemnul
Zin
The Shining One

Shops:
D:4 ?   D:6 %*![


Innate Abilities, Weirdness & Mutations

You reflexively headbutt those who attack you in melee.
You have a pair of horns on your head.
You have very sharp teeth.
You are partially covered in icy blue scales. (AC +2)
You are agile. (Dex +2)
Your flesh is cold resistant. (rC+)
You are somewhat resistant to further mutation.
You are very weak. (Str -4)


Message History

You feel somewhat more hungry.
You hit the hungry ghost but do no damage.
Your headbutt misses the hungry ghost.
The hungry ghost is severely damaged.
You block the hungry ghost's attack.
You barely miss the hungry ghost. Your bite misses the hungry ghost.
The hungry ghost is severely damaged.
You block the hungry ghost's attack. x2
You miss the hungry ghost.
The hungry ghost is severely damaged.
The hungry ghost closely misses you.
You closely miss the hungry ghost.
The hungry ghost is severely damaged.
The hungry ghost hits you.
* * * LOW HITPOINT WARNING * * *
You feel somewhat more hungry.
You completely miss the hungry ghost.
The hungry ghost is severely damaged.
The hungry ghost hits you.
You die...

........%....
............ .
..........#..
#Z...........
..........
.(.(...####
######.#†W......
#......#@# #<.#
#.#......
#........
.........
####......
...... ......
....


You could see a hungry ghost.

Vanquished Creatures
  Sigmund (D:6)
  The ghost of Yermak the Skirmisher, an amateur DgWn (D:4)
  A sky beast (D:7)
  3 ogres
  5 scorpions
  2 crimson imps
  4 hounds
  2 jellies
  3 orc priests
  A gnoll shaman (D:6)
  Ijyb (D:2)
  Natasha (thrice) (D:3)
  Terence (D:2)
  2 iguanas
  3 orc wizards
  6 worker ants
  13 adders
  14 gnolls
  A shadow imp (D:5)
  An ooze (D:3)
  An adder skeleton (D:5)
  2 worms
  3 dart slugs
  3 giant geckos
  18 orcs
  13 bats
  3 giant cockroaches
  8 hobgoblins
  8 jackals
  A quokka (D:3)
  A ball python (D:3)
  A giant gecko zombie (D:8)
  3 giant newts
  10 goblins
  10 kobolds
  13 rats
  3 fungi (D:5)
169 creatures vanquished.

Notes
Turn   | Place    | Note
-------+----------+-------------------------------------------
     0 | D:1      | Vasilisck the Minotaur Fighter began the quest for the Orb.
     0 | D:1      | Reached XP level 1. HP: 19/19 MP: 0/0
   247 | D:1      | Reached XP level 2. HP: 27/27 MP: 1/1
   283 | D:1      | Reached skill level 4 in Armour
   508 | D:1      | Reached XP level 3. HP: 33/33 MP: 2/2
   976 | D:2      | You fall through a shaft!
  1070 | D:2      | Reached XP level 4. HP: 40/40 MP: 3/3
  1342 | D:2      | Reached XP level 5. HP: 39/47 MP: 4/4
  1358 | D:2      | Noticed Ijyb
  1369 | D:2      | Killed Ijyb
  1728 | D:2      | Reached skill level 5 in Armour
  1765 | D:3      | Noticed Terence
  1791 | D:2      | Killed Terence
  1791 | D:2      | Reached skill level 5 in Fighting
  2279 | D:3      | Noticed Natasha
  2294 | D:3      | Reached skill level 5 in Shields
  2300 | D:3      | Killed Natasha
  2300 | D:3      | Reached XP level 6. HP: 54/56 MP: 5/5
  2321 | D:3      | Noticed Natasha
  2329 | D:3      | Killed Natasha
  2380 | D:3      | Noticed Natasha
  2385 | D:3      | Killed Natasha
  2804 | D:4      | Found a shattered altar of Ashenzari.
  3141 | D:4      | Noticed Yermak's ghost (amateur DgWn)
  3143 | D:4      | Gained mutation: Your flesh is cold resistant. (rC+) [potion of mutation]
  3143 | D:4      | Gained mutation: You are weak. (Str -2) [potion of mutation]
  3143 | D:4      | Gained mutation: You are partially covered in icy blue scales. (AC +2) [potion of mutation]
  3156 | D:4      | Killed Yermak's ghost
  3156 | D:4      | Reached skill level 5 in Axes
  3156 | D:4      | Reached skill level 6 in Armour
  3156 | D:4      | Reached XP level 7. HP: 53/62 MP: 6/6
  3451 | D:4      | Found Qimog's Magic Scroll Shoppe.
  3456 | D:4      | Bought a scroll of enchant armour for 75 gold pieces
  3456 | D:4      | Bought a scroll of fog for 20 gold pieces
  3456 | D:4      | Bought a scroll of identify for 20 gold pieces
  3481 | D:4      | Found an iron altar of Okawaru.
  3493 | D:4      | Became a worshipper of Warmaster Okawaru
  3656 | D:5      | Entered Level 5 of the Dungeon
  3808 | D:5      | HP: 2/63 [worker ant (3)]
  4120 | D:5      | Reached XP level 8. HP: 42/71 MP: 7/7
  4351 | D:5      | Reached skill level 7 in Armour
  4435 | D:5      | Found a sparkling altar of Nemelex Xobeh.
  4440 | D:5      | Found an opulent altar of Gozag.
  4596 | D:5      | Found a staircase to the Ecumenical Temple.
  4603 | D:5      | Reached * piety under Okawaru
  4850 | Temple   | Entered the Ecumenical Temple
  5154 | D:6      | Noticed Sigmund
  5161 | D:6      | Killed Sigmund
  5419 | D:6      | Found Morememp's Food Boutique.
  5425 | D:6      | Found Umophyrch's General Store.
  5433 | D:6      | Bought a potion of might for 56 gold pieces
  5689 | D:6      | Found Kaynuqex's Distillery.
  5722 | D:6      | Bought a potion of mutation for 30 gold pieces
  5725 | D:6      | Gained mutation: You are somewhat resistant to further mutation. [potion of mutation]
  5774 | D:6      | Found Xumily's Armour Shoppe.
  6012 | D:7      | Reached skill level 8 in Armour
  6136 | D:7      | Gained mutation: You have very sharp teeth. [mutagenic meat]
  6142 | D:7      | Gained mutation: You are very weak. (Str -4) [mutagenic meat]
  6148 | D:7      | Gained mutation: You are agile. (Dex +2) [mutagenic meat]
  6700 | D:8      | Reached XP level 9. HP: 23/79 MP: 8/8
  6716 | D:8      | HP: 3/79 [hungry ghost (4)]
  6717 | D:8      | Slain by a hungry ghost

Vault maps used:
D:1:      scummos_arrival_checkerplants, minmay_rat_gold_closets
D:2:      first_bread, minivault_23, uniq_iyjb
D:3:      mumra_celtic_spiral_tile, minmay_misc_feat_room, uniq_terence,
          uniq_natasha
D:4:      cheibrodos_ashenzari_chains, serial_shops, kennysheep_little_box,
          kennysheep_okawaru_gauntlet
D:5:      old_forge, grunt_temple_overflow_opulence
D:6:      serial_shops, shop, shop_fountains, kennysheep_mini_moat, shop,
          uniq_sigmund
D:8:      serial_shops, shop_fountains
Temple:   regret_index_temple_mists

Skill      XL: |  1  2  3  4  5  6  7  8 |
---------------+-------------------------+-----
Armour         | 4 5 6 8 |  8.2
Fighting       | 4 5 6 7 |  7.6
Axes           | 3 4 5 7 |  7.4
Shields        | 4 5 6 7 |  7.9

Action                   |  1- 3 |  4- 6 |  7- 9 || total
-------------------------+-------+-------+-------++-------
Melee: War axe           |    92 |   160 |   230 ||   482
       Headbutt          |     9 |    25 |    40 ||    74
Evoke: Wand              |       |       |     1 ||     1
  Use: Potion            |       |     9 |     4 ||    13
       Scroll            |       |       |     5 ||     5
 Stab: Invisible         |       |     2 |       ||     2
  Eat: Chunk             |       |     6 |    19 ||    25
       Fruit             |       |       |     2 ||     2
Armor: Scale mail        |    48 |    57 |    76 ||   181
       Skin              |       |     3 |       ||     3
Dodge: Dodged            |    35 |    50 |    68 ||   153
Block: Shield            |    51 |    85 |   137 ||   273
